 Dungeon Sprint DCSS version 0.28.0 (webtiles) character file.

Game seed: 2156824152306693081

24 SmokeWeed the Conjurer (level 3, -3/21 HPs)
             Began as an Octopode Conjurer on Feb 18, 2022.
             Was an Initiate of Qazlal.
             Killed from afar by an orc wizard (6 damage)
             ... with a magic dart
             ... in the Dungeon (Sprint V: "Ziggurat Sprint").
             The game lasted 00:03:08 (105 turns).

SmokeWeed the Conjurer (Octopode Conjurer)           Turns: 105, Time: 00:03:09

Health: -3/21      AC:  1    Str: 18    XL:     3   Next: 2%
Magic:  6/6        EV: 12    Int: 34    God:    Qazlal [......]
Gold:   0          SH: 11    Dex: 22    Spells: 5/6 levels left

rFire   . . .      SeeInvis .   E - +5 rapier
rCold   . . .      Faith    .   G - +3 kite shield
rNeg    . . .      Spirit   .   (helmet restricted)
rPois   .          Reflect  .   (no amulet)
rElec   .          Harm     .   w - +6 ring of intelligence
rCorr   .          Rampage  .   x - +6 ring of intelligence
Will    .....      NoTele   +   u - +6 ring of dexterity
Stlth   ++++......              v - +6 ring of dexterity
HPRegen 0.07/turn               y - +6 ring of strength
MPRegen 0.10/turn               z - +6 ring of strength
                                t - ring of flight
                                (no ring)

@: flying
A: almost no armour, amphibious, 8 rings, camouflage 1, gelatinous body 1,
(nimble swimmer 1), tentacles
a: Renounce Religion


You were in the Dungeon.
You worshipped Qazlal.
Qazlal was noncommittal.
You visited 1 branch

Inventory:

Hand Weapons
 B - the +6 Majin-Bo {vamp, MP+6 Int+6}
   (You found it in the Dungeon)

   It occasionally heals its wielder for a portion of the damage dealt when they
   wound a living foe with it or with a spell.
   Its wielder's spells cost health as well as magical power.
   Int:       It affects your intelligence (+6).
   MP:        It affects your magic capacity (+6).
 C - a +5 demon blade
 D - a +5 double sword
 E - a +5 rapier (weapon)
Armour
 F - a +3 buckler
 G - a +3 kite shield (worn)
 H - a +3 tower shield
Jewellery
 t - a ring of flight (on tentacle)
 u - a +6 ring of dexterity (on tentacle)
 v - a +6 ring of dexterity (on tentacle)
 w - a +6 ring of intelligence (left tentacle)
 x - a +6 ring of intelligence (right tentacle)
 y - a +6 ring of strength (on tentacle)
 z - a +6 ring of strength (on tentacle)
Wands
 q - a wand of mindburst (7)
 r - a wand of iceblast (7)
 s - a wand of acid (7)
Scrolls
 f - 4 scrolls of blinking
 l - 4 scrolls of amnesia
 m - 7 scrolls of fog
 n - a scroll of holy word
 o - 5 scrolls of identify
 p - 2 scrolls of fear
Potions
 a - 10 potions of curing
 b - 10 potions of heal wounds
 c - 6 potions of haste
 d - 7 potions of magic
 e - 3 potions of berserk rage
 g - 2 potions of brilliance
 h - 2 potions of invisibility
 i - 4 potions of resistance
 j - a potion of experience
 k - 5 potions of might
Miscellaneous
 A - a lightning rod (4/4)


   Skills:
 + Level 2.4 Dodging
 + Level 3.4 Stealth
 + Level 0.1 Shields
 + Level 2.4 Spellcasting
 + Level 6.4 Conjurations


You had 5 spell levels left.
You knew the following spells:

 Your Spells              Type           Power      Damage    Failure   Level
a - Magic Dart            Conj           100%       1d8       1%          1

Your spell library contained the following spells:

 Spells                   Type           Power      Damage    Failure   Level
 Searing Ray              Conj           94%        2d7       2%          2
 Dazzling Flash           Conj/Hex       50%        N/A       17%         3
 Fulminant Prism          Conj/Hex       12%        3d9       50%         4
 Iskenderun's Mystic Bla  Conj/Tloc      25%        2d7       50%         4


Dungeon Overview and Level Annotations

Branches:
Dungeon (1/1)

Altars:
Ashenzari
Cheibriados
Dithmenos
Elyvilon
Fedhas
Gozag
Hepliaklqana
Kikubaaqudgha
Makhleb
Nemelex Xobeh
Okawaru
Qazlal
Ru
Sif Muna
Trog
Uskayaw
Vehumet
Wu Jian
Xom
Yredelemnul
Zin
The Shining One
Beogh
Jiyva
Lugonu

Annotations:
D 1 transporter


Innate Abilities, Weirdness & Mutations

You cannot wear most types of armour.
You are amphibious.
You can wear up to eight rings at the same time.
Your skin changes colour to match your surroundings (Stealth+).
Your rubbery body absorbs attacks. (AC +1, EV +1)
((You are camouflaged when in or above water. (Stealth+)))
You have tentacles for arms and can constrict up to eight enemies at once.


Message History

The orc wizard gestures wildly while chanting.
The orc wizard flickers and vanishes!
Deactivating autopickup; reactivate with Ctrl-A.
Casting: Magic Dart (safe; 4% risk of failure)
Confirm with . or Enter, or press ? or * to list all spells.
Okay, then.
You hit the orc wizard but do no damage.
Your grab misses the orc wizard. You block the orc wizard's attack.
You hit the orc wizard. You grab the orc wizard. You squeeze the orc wizard.
The orc wizard is almost dead.
You constrict the orc wizard.
You kill the orc wizard!
Qazlal accepts your kill. You block something's attack.
Your Stealth skill increases to level 3!
Your Conjurations skill gained 2 levels and is now at level 6!
You have reached level 2!
You have reached level 3!
Your experience leads to an increase in your attributes!
Your base attributes are Str 6, Int 20, Dex 10.
Increase (S)trength, (I)ntelligence, or (D)exterity?
You feel clever. x2
Something hits you.
Things that are here:
a +0 dagger; a +0 robe; an orc corpse You closely miss something.
Your squeeze misses something. Something hits you.
You hear some strange, mumbled words.
You are confused.
Something hits you.
You puncture something! Something hits you.
You miss something. Your squeeze misses something. Something hits you.
* * * LOW HITPOINT WARNING * * *
Something hits you.
* * * LOW HITPOINT WARNING * * *
You're too confused to move!
You feel less confused.
You hear some strange, mumbled words.
A magic dart appears from out of thin air!
The magic dart hits you.
You die...

▓▓▓▓▓▓▓
▓.8©8.▓
▓.....▓
▓.".:.▓
▓.@{..▓
▓.....▓
▓..©..▓
▓▓▓▓▓▓▓


There were no monsters in sight!

Vanquished Creatures
  An orc wizard (D)
1 creature vanquished.

Notes
Turn   | Place    | Note
-------+----------+-------------------------------------------
     0 | D        | SmokeWeed the Octopode Conjurer began the quest for the
                  | Orb.
     0 | D        | Reached XP level 1. HP: 11/11 MP: 3/3
     2 | D        | Found a shimmering blue altar of Sif Muna.
     2 | D        | Found a bloodstained altar of Trog.
     2 | D        | Found a sacrificial altar of Ru.
     2 | D        | Found a stormy altar of Qazlal.
     2 | D        | Found an iron altar of Okawaru.
     3 | D        | Found a sparkling altar of Nemelex Xobeh.
     3 | D        | Found a blossoming altar of Fedhas.
     3 | D        | Found the +6 Majin-Bo {vamp, MP+6 Int+6}
     3 | D        | Found the +9 heavy crossbow "Sniper" {vorpal, Acc+∞ SInv}
     3 | D        | Found the +10 dark maul {vorpal}
     3 | D        | Found the +15 Maxwell's patent armour {-Cast -Tele rElec
                  | Will+ rCorr}
     3 | D        | Found the +18 shield of the Gong {rElec rN+ Will+ EV-5}
     3 | D        | Found the +14 obsidian axe {vorpal, Mesm Drain Fly SInv}
     3 | D        | Found the +7 great mace "Firestarter" {inner flame, rF++}
     3 | D        | Found the +6 shillelagh "Devastator" {shatter}
     3 | D        | Found the +11 plutonium sword {Contam Stlth-}
     3 | D        | Found the +8 lance "Wyrmbane" {slay drac, rPois rF+ rC+
                  | AC+3}
     3 | D        | Found the +9 sword of Zonguldrok {reap}
     3 | D        | Found the +13 scythe of Curses {drain, Drain}
     3 | D        | Found the +5 sword of Power {vorpal}
     3 | D        | Found the +7 mace of Variability {chain chaos}
     3 | D        | Found the +7 Singing Sword {vorpal, sonic wave}
     3 | D        | Found the +8 storm bow {elec, penet}
     5 | D        | Found a transporter.
     5 | D        | Found an ancient bone altar of Kikubaaqudgha.
     5 | D        | Found a viscous altar of Jiyva.
     5 | D        | Found a corrupted altar of Lugonu.
     5 | D        | Found a hazy altar of Hepliaklqana.
     5 | D        | Found a burning altar of Makhleb.
     5 | D        | Found an opulent altar of Gozag.
    11 | D        | Banished a spatial maelstrom
    85 | D        | Became a worshipper of Qazlal Stormbringer
    94 | D        | Entered arena 2.
    94 | D        | Noticed an orc wizard
    94 | D        | Noticed an orc wizard
    94 | D        | Found a transporter.
    98 | D        | Killed an orc wizard
    99 | D        | Reached skill level 6 in Conjurations
    99 | D        | Reached XP level 2. HP: 17/17 MP: 5/5
    99 | D        | Reached XP level 3. HP: 21/21 MP: 6/6
   105 | D        | Killed from afar by an orc wizard

Illustrated notes

Levels and vault maps discovered:
D:        sprint_v [room_start, room_1, room_2, room_3, room_4, room_5, room_6,
          room_7, room_8, room_9, room_10, room_11, room_12, room_13, room_14,
          room_15, room_16, room_17, room_18, room_19, room_20, room_21,
          room_22, room_23, room_24, room_25, room_26, room_27]

Skill      XL: |  1 |
---------------+----+-----
Stealth        | 3 |  3.4
Conjurations   | 6 |  6.4
Dodging        | |  2.4
Shields        | |  0.1
Spellcasting   | |  2.4

Action                   || total
-------------------------++-------
Melee: Rapier            ||     5
       Constrict         ||     1
       Tentacles         ||     1
Block: Kite shield       ||     2
